[Event "ICC Open 2015"]
[Site "Internet Chess Club"]
[Date "2015.05.30"]
[Round "2"]
[White "raja2015"]
[Black "hatorade"]
[Result "0-1"]
[ICCResult "White forfeits on time"]
[WhiteElo "1508"]
[BlackElo "1873"]
[Opening "Queen's pawn game"]
[ECO "D05"]
[NIC "TD.06"]
[Time "19:12:46"]
[TimeControl "180+0"]

1. d4 Nf6 2. Nf3 e6 3. e3 d5 4. c4 c5 5. cxd5 exd5 6. Nc3 Nc6 7. Be2 Be7 8.
Bd2 cxd4 9. Nxd4 O-O 10. Bf3 Re8 11. O-O Nxd4 12. exd4 Bd6 13. Bg5 Be6 14.
Bxf6 Qxf6 15. g3 Bh3 16. Bg2 Bxg2 17. Kxg2 Rad8 18. Nxd5 Qg6 19. Ne3 Bf4 20.
Qf3 Rxd4 21. Rfe1 Rde4 22. Rad1 Bxe3 23. Rxe3 Rxe3 24. fxe3 Qb6 25. Rd2 g6
26. Re2 Re6 27. Rf2 Qc7 28. Re2 Qe7 29. e4 f5 30. e5 Rxe5 31. Rxe5 Qxe5 32.
Qxb7 a5 33. Qa8+ Kg7 34. Qb7+ Kh6 35. Qb3 Qe4+ 36. Qf3 Qc2+ 37. Qf2 Qc6+ 38.
Qf3 Qb5 39. Qc3 Qd5+ 40. Kh3 Qxa2 41. Qe3+ Kg7 42. Qe7+ Qf7 43. Qe5+ Qf6 44.
Qc7+ Kh6 45. Qf4+ g5 46. Qd2 Kg6 47. Qxa5 g4+ 48. Kg2 Qxb2+ 49. Kg1 Qc1+ 50.
Kg2 Qc2+ 51. Kg1 Qd1+ 52. Kg2 Qe2+ 53. Kg1 Qe3+ 54. Kg2 Qf3+ 55. Kg1 Qd1+
56. Kg2 h6 57. Qb6+ Kg5 58. Qf2 Qd5+ 59. Kg1 Qe4 60. Qd2+ Kg6 61. Qd6+ Kg5
62. Qd2+ Kg6 63. Qd6+ Kg5 64. Qd2+ Kh5 65. Qf2 Qb1+ 66. Kg2 Qe4+
{White forfeits on time}
0-1

[Event "ICC Open 2015"]
[Site "Internet Chess Club"]
[Date "2015.05.30"]
[Round "2"]
[White "karaivosa"]
[Black "fito"]
[Result "1-0"]
[ICCResult "Black forfeits on time"]
[WhiteElo "2221"]
[BlackElo "2376"]
[Opening "Sicilian: Richter-Rauzer, Rauzer attack, 7...a6 defense, 9...Be7"]
[ECO "B68"]
[NIC "SI.27"]
[Time "19:13:00"]
[TimeControl "180+0"]

1. e4 c5 2. Nf3 d6 3. d4 cxd4 4. Nxd4 Nf6 5. Nc3 Nc6 6. Bg5 e6 7. f4 Be7 8.
Qd2 a6 9. O-O-O Bd7 10. Nb3 Rc8 11. Kb1 b5 12. h4 b4 13. Bxf6 Bxf6 14. Ne2
Be7 15. Ned4 Nxd4 16. Qxd4 O-O 17. e5 d5 18. Bxa6 Ra8 19. Bd3 Qc7 20. g4
Rfc8 21. f5 Ba4 22. f6 Bf8 23. h5 Bxb3 24. axb3 Qa5 25. Kc1 gxf6 26. h6 Bc5
27. Qf4 Qb6 28. Rde1 fxe5 29. Qxe5 Bd4 30. Qg5+ Kf8 31. Rhf1 Bxb2+ 32. Kd2
Bc3+ 33. Ke2 Bxe1 34. Qg7+ Ke8 35. Rxf7 Qf2+ 36. Rxf2 Bxf2 37. Kxf2 Kd8 38.
Qf6+ Kc7 39. Qe7+ Kb6 40. Qxe6+ Rc6 41. Qxd5 Rf8+ 42. Ke2 Rd6 43. Kd2 Re8
44. Qxd6+ Kb7 45. Qxb4+ Kc7 46. Qc5+ Kd7 47. Qd5+ Ke7 48. Qe5+ Kf8 49. Qf6+
{Black forfeits on time}
1-0

[Event "ICC Open 2015"]
[Site "Internet Chess Club"]
[Date "2015.05.30"]
[Round "2"]
[White "Schack"]
[Black "reydelmambo"]
[Result "1-0"]
[ICCResult "Black checkmated"]
[WhiteElo "1654"]
[BlackElo "1954"]
[Opening "QGA, Janowsky-Larsen variation"]
[ECO "D25"]
[NIC "QG.06"]
[Time "19:13:33"]
[TimeControl "180+0"]

1. d4 d5 2. c4 dxc4 3. Nf3 Nf6 4. e3 Bg4 5. Bxc4 e6 6. O-O a6 7. Nc3 Nc6 8.
h3 Bh5 9. Qe2 Bd6 10. Rd1 O-O 11. Bd3 Qe8 12. Ne4 Nxe4 13. Bxe4 e5 14. g4
exd4 15. Bxc6 Qxc6 16. gxh5 Rae8 17. Nxd4 Qe4 18. Qf3 Qe5 19. Bd2 c5 20. Nb3
Re6 21. Bc3 Qh2+ 22. Kf1 c4 23. Nd4 Rf6 24. Qg2 Qe5 25. Nf3 Qf5 26. Bxf6
Qxf6 27. Rab1 b5 28. Rd4 Qf5 29. Rbd1 Bb4 30. a3 Ba5 31. Rd5 Qc2 32. h6 g6
33. Ng5 Qxb2 34. Nxf7 Rxf7 35. Rd8+ Bxd8 36. Rxd8+ Rf8 37. Qd5+ Kh8 38.
Rxf8# {Black checkmated} 1-0

[Event "ICC Open 2015"]
[Site "Internet Chess Club"]
[Date "2015.05.30"]
[Round "2"]
[White "HPG1947"]
[Black "Massarioli"]
[Result "0-1"]
[ICCResult "White forfeits on time"]
[WhiteElo "1758"]
[BlackElo "2143"]
[Opening "Caro-Kann: exchange, Rubinstein variation"]
[ECO "B13"]
[NIC "CK.02"]
[Time "19:13:24"]
[TimeControl "180+0"]

1. e4 c6 2. d4 d5 3. exd5 cxd5 4. Bd3 Nf6 5. c3 Nc6 6. Bf4 g6 7. Nd2 Bg7 8.
h3 O-O 9. Ngf3 Re8 10. O-O Bf5 11. Bxf5 gxf5 12. Re1 Ne4 13. Ne5 Nxe5 14.
Bxe5 Bxe5 15. dxe5 Qc7 16. e6 fxe6 17. Nxe4 dxe4 18. f3 Qb6+ 19. Qd4 Qxd4+
20. cxd4 Rad8 21. Rad1 exf3 22. Rxe6 fxg2 23. Rd2 Kf7 24. Rh6 Kg7 25. Rh4
Rd6 26. Rxg2+ Rg6 27. Rf4 Kf6 28. Kf2 Rxg2+ 29. Kxg2 e5 30. dxe5+ Rxe5 31.
Rb4 b6 32. Kf3 Re1 33. Rh4 Ra1 34. a3 Kg6 35. Ra4 a5 36. b4 axb4 37. Rxb4
Rxa3+ 38. Kf4 Ra6 39. h4 h5 40. Ke5 Ra5+ 41. Kf4 b5 42. Ke5 Ra4 43. Rxb5
Re4+ 44. Kd5 Rxh4 45. Rb1 Kg5 {White forfeits on time} 0-1

[Event "ICC Open 2015"]
[Site "Internet Chess Club"]
[Date "2015.05.30"]
[Round "2"]
[White "VictorRed"]
[Black "nereida"]
[Result "1-0"]
[ICCResult "Black forfeits on time"]
[WhiteElo "1821"]
[BlackElo "1295"]
[Opening "Queen's pawn game"]
[ECO "D04"]
[NIC "QP.08"]
[Time "19:13:45"]
[TimeControl "180+0"]

1. d4 d5 2. Nf3 Nf6 3. e3 c6 4. Nc3 Bg4 5. Be2 Nbd7 6. O-O e6 7. Ne5 Bxe2 8.
Qxe2 Nxe5 9. dxe5 Nd7 10. f4 Bc5 11. Kh1 O-O 12. e4 f6 13. exf6 Nxf6 14. e5
Nd7 15. a3 Qh4 16. b4 Bd4 17. g3 Qh3 18. Bb2 a5 19. Rad1 axb4 20. axb4 Bb6
21. Bc1 Qf5 22. Nb1 Qf7 23. Nd2 Ra2 24. Nf3 Qf5 25. Rd2 Ra4 26. c3
{Black forfeits on time}
1-0

[Event "ICC Open 2015"]
[Site "Internet Chess Club"]
[Date "2015.05.30"]
[Round "2"]
[White "QuieroAprender"]
[Black "EddieBarber"]
[Result "1-0"]
[ICCResult "Black forfeits on time"]
[WhiteElo "1457"]
[BlackElo "1863"]
[Opening "Sicilian: Najdorf, Byrne (English) attack"]
[ECO "B90"]
[NIC "SI.14"]
[Time "19:13:05"]
[TimeControl "180+0"]

1. e4 c5 2. Nf3 d6 3. d4 cxd4 4. Nxd4 Nf6 5. Nc3 a6 6. Be3 e5 7. Nde2 Be6 8.
Ng3 Nbd7 9. f3 Be7 10. Be2 O-O 11. O-O g6 12. Qd2 b5 13. Bh6 Re8 14. Be3 Nb6
15. b3 Rc8 16. Nd1 d5 17. c3 d4 18. cxd4 exd4 19. Qxd4 Qxd4 20. Bxd4 Bc5 21.
Bxc5 Rxc5 22. Ne3 h5 23. Rfc1 Rec8 24. Rd1 Rc3 25. Kf2 h4 26. Ngf1 Nh5 27.
g3 hxg3+ 28. hxg3 Bh3 29. Nh2 Nxg3 30. Kxg3 Rxe3 31. Bxb5 axb5 32. Kxh3 Rc2
33. Kg3 Ree2 34. Ng4 Kg7 35. a4 bxa4 36. bxa4 Nc4 37. a5 g5 38. a6 Rg2+ 39.
Kh3 Ne3 40. Nxe3 Rh2+ 41. Kg4 Rh4+ 42. Kxg5 Rch2 43. Rg1 f6+ 44. Kf5+ Kf7
45. Rg4 Rh5+ 46. Kf4 Re2 47. Nd5 Rd2 48. Nxf6 Kxf6 49. Kg3 Rd4 50. f4 Rd2
51. e5+ {Black forfeits on time} 1-0

[Event "ICC Open 2015"]
[Site "Internet Chess Club"]
[Date "2015.05.30"]
[Round "2"]
[White "Bleeksk"]
[Black "Blondicheck"]
[Result "0-1"]
[ICCResult "White resigns"]
[WhiteElo "1881"]
[BlackElo "1598"]
[Opening "English: Anglo-Dutch defense"]
[ECO "A87"]
[NIC "HD.14"]
[Time "19:13:47"]
[TimeControl "180+0"]

1. c4 f5 2. Nc3 Nf6 3. g3 g6 4. Bg2 Bg7 5. Nf3 O-O 6. O-O d6 7. d4 Qe8 8. b3
e5 9. dxe5 dxe5 10. Bb2 Nc6 11. e4 Be6 12. Qe2 fxe4 13. Nxe4 Bg4 14. h3 Bf5
15. Nxf6+ Bxf6 16. Rfe1 e4 17. Nh4 Bxb2 18. Qxb2 Qf7 19. Bxe4 Bxe4 20. Rxe4
Rad8 21. Rae1 Qf6 22. Qxf6 Rxf6 23. R1e2 Rdf8 24. Ng2 Nb4 25. Nf4 g5 26. Nh5
R6f7 27. Rg4 h6 28. h4 Nd3 29. hxg5 Nxf2 30. g6 Nxg4 31. gxf7+ Rxf7 32. Re8+
Kh7 33. Nf4 Nf6 34. Re2 c6 35. Kg2 Kg7 36. Kf3 Nh5 37. Re6 Nxf4 38. gxf4 Rf6
39. Re7+ Rf7 40. Re5 Rf6 41. Ra5 a6 42. Re5 Kf7 43. Ke4 Re6 44. Kf5 Rxe5+
45. fxe5 h5 46. e6+ Ke7 47. Kg5 Kxe6 48. Kxh5 Kd6 49. Kg4 Kc5 50. a3 Kd4 51.
Kf5 Kc3 52. b4 Kb3 53. b5 axb5 54. cxb5 cxb5 55. Ke5 Kxa3 56. Kd5 b4 57. Kc4
b3 {White resigns} 0-1

[Event "ICC Open 2015"]
[Site "Internet Chess Club"]
[Date "2015.05.30"]
[Round "2"]
[White "Tyrel"]
[Black "ibarra"]
[Result "0-1"]
[ICCResult "White forfeits on time"]
[WhiteElo "2121"]
[BlackElo "2729"]
[Opening "Queen's pawn game"]
[ECO "A45"]
[NIC "QP.07"]
[Time "19:13:25"]
[TimeControl "180+0"]

1. d4 Nf6 2. e3 g6 3. Bd3 Bg7 4. f4 O-O 5. Nf3 d6 6. O-O Nbd7 7. e4 e5 8. c3
Qe7 9. fxe5 dxe5 10. d5 c6 11. c4 a5 12. Nc3 Nc5 13. Bc2 Ne8 14. Bg5 Qc7 15.
Qe2 Nd6 16. Kh1 f5 17. Nd2 f4 18. Bh4 h6 19. Bf2 b6 20. b3 Bb7 21. a3 cxd5
22. exd5 e4 23. Ncxe4 Bxa1 24. Rxa1 Rae8 25. Bd4 Ncxe4 26. Nxe4 Nxe4 27.
Bxe4 Bc8 28. Qf3 Bf5 29. Re1 Qe7 30. d6 Qxd6 31. Bd5+ Kh7 32. Rd1 Qe7 33. h3
Be4 34. Bxe4 Qxe4 35. Qg4 Qe2 36. Qxe2 Rxe2 37. Bxb6 a4 38. bxa4 f3 39. gxf3
Rxf3 40. c5 Rxh3+ 41. Kg1 Rxa3 42. Rc1 Rxa4 43. c6 Ra8 44. c7 Rc8 45. Rd1 g5
46. Rd8 Re8 47. Kf2 Kg6 48. Kf3 h5 49. Rxc8 Rxc8 50. Ke4 h4 51. Kd5 h3 52.
Kc6 h2 53. Kd7 Rxc7+ 54. Bxc7 h1=Q {White forfeits on time} 0-1

[Event "ICC Open 2015"]
[Site "Internet Chess Club"]
[Date "2015.05.30"]
[Round "2"]
[White "PADILLON2189"]
[Black "harolika"]
[Result "1-0"]
[ICCResult "Black checkmated"]
[WhiteElo "2002"]
[BlackElo "1717"]
[Opening "Bogo-Indian defense, Nimzovich variation"]
[ECO "E11"]
[NIC "QI.01"]
[Time "19:13:18"]
[TimeControl "180+0"]

1. d4 Nf6 2. c4 e6 3. Nf3 Bb4+ 4. Bd2 Qe7 5. a3 Bxd2+ 6. Qxd2 d6 7. Nc3 O-O
8. e4 e5 9. d5 a5 10. h3 Nbd7 11. Bd3 Nc5 12. Rb1 Nb3 13. Qc2 Nd4 14. Nxd4
exd4 15. Nb5 Nxe4 16. O-O f5 17. Nxd4 Qg5 18. Bxe4 fxe4 19. Qxe4 Bxh3 20. f4
Qg4 21. Ne6 Rf6 22. Rbe1 Re8 23. Rf2 Rg6 24. Re3 Qd1+ 25. Re1 Qh5 26. f5 Rg4
27. Qf3 Qh4 28. Re3 Rxc4 29. Qxh3 Rc1+ 30. Rf1 Rxf1+ 31. Kxf1 Qf6 32. Re2 h6
33. Rf2 c6 34. dxc6 bxc6 35. Qg4 d5 36. Re2 Rb8 37. Nd4 c5 38. Nf3 d4 39.
Qe4 Kh7 40. Qe6 Qd8 41. Qe5 Qb6 42. f6 d3 43. Qf5+ g6 44. Qxd3 c4 45. Re7+
Kh8 46. Qxg6 c3 47. Qg7# {Black checkmated} 1-0

[Event "ICC Open 2015"]
[Site "Internet Chess Club"]
[Date "2015.05.30"]
[Round "2"]
[White "Chaos23"]
[Black "Piranha"]
[Result "1-0"]
[ICCResult "Black forfeits on time"]
[WhiteElo "2061"]
[BlackElo "1701"]
[Opening "Réti: Pirc-Lisitsin gambit"]
[ECO "A04"]
[NIC "HD.13"]
[Time "19:13:43"]
[TimeControl "180+0"]

1. Nf3 f5 2. e4 fxe4 3. Ng5 Nf6 4. d3 d5 5. dxe4 h6 6. e5 hxg5 7. exf6 exf6
8. Bd3 Kf7 9. c4 d4 10. Qc2 Rh6 11. Nd2 c5 12. Be4 Nc6 13. Bd5+ Be6 14.
Bxe6+ Kxe6 15. O-O Bd6 16. g3 Qh8 17. Nf3 Ne5 18. Qe4 Rb8 19. h4 Rh5 20. b4
b6 21. bxc5 bxc5 22. Ba3 gxh4 23. g4 Rg5 24. Nxg5+ fxg5 25. f4 gxf4 26. Rxf4
Rf8 27. Raf1 Rxf4 28. Rxf4 Kd7 29. Qb7+ Ke6 30. Qd5+ Kd7 31. Bxc5 Qh6 32.
Qxd6+ Qxd6 33. Bxd6 Kxd6 34. Rxd4+ Ke6 35. Re4 Kd6 36. c5+ Kd5 37. c6 Nxc6
38. Ra4 Nd4 39. Rxa7 Nf3+ 40. Kf2 Ng5 41. Rxg7 {Black forfeits on time} 1-0

[Event "ICC Open 2015"]
[Site "Internet Chess Club"]
[Date "2015.05.30"]
[Round "2"]
[White "Danya"]
[Black "Bagelhead"]
[Result "0-1"]
[ICCResult "White resigns"]
[WhiteElo "3020"]
[BlackElo "2368"]
[Opening "QGD semi-Slav"]
[ECO "D43"]
[NIC "QP.11"]
[Time "19:13:46"]
[TimeControl "180+0"]

1. Nf3 Nf6 2. c4 e6 3. Nc3 d5 4. d4 c6 5. g3 dxc4 6. Bg2 b5 7. O-O Bb7 8.
Ne5 Qb6 9. b3 cxb3 10. Qxb3 Be7 11. Be3 Nd5 12. Nxd5 cxd5 13. a4 b4 14. a5
Qb5 15. Rfc1 O-O 16. Bd2 Na6 17. e3 Rfc8 18. Bf1 Qe8 19. Bxa6 Bxa6 20. Rab1
f6 21. Nf3 Bc4 22. Qb2 Rab8 23. Be1 Qh5 24. Kg2 Bd3 25. Ra1 Be4 26. Qe2 b3
27. h3 Rxc1 28. g4 Qe8 29. Rxc1 b2 30. Rd1 b1=Q 31. Rxb1 Rxb1 32. Bc3 Qb5
33. Qd2 Qf1+ 34. Kg3 Bxf3 35. Kxf3 Qd1+ 36. Qxd1 Rxd1 37. Ke2 Rh1 38. a6
Rxh3 39. Ba5 Bd6 40. Bb6 Bb8 41. Ba5 Rh1 42. Be1 Kf7 43. f3 Rh2+ 44. Kd3 Ra2
45. e4 Rxa6 46. Bb4 Rb6 47. Bc5 Rb5 48. Kc3 a5 49. Ba3 a4 50. Bc5 Rb3+ 51.
Kc2 Rxf3 52. exd5 exd5 53. Kb2 Rf4 54. Ka3 Rxg4 55. Kxa4 Be5 56. Kb5 Bxd4
57. Bd6 Be5 58. Kc6 h5 59. Bc5 h4 60. Bg1 h3 61. Bc5 h2 62. Kd7 h1=Q 63. Bb6
Qb1 64. Kc6 Qxb6+ 65. Kxb6 d4 66. Kc5 d3 67. Kb5 d2 68. Ka6 Rb4 69. Ka5 Rb1
{White resigns}
0-1

[Event "ICC Open 2015"]
[Site "Internet Chess Club"]
[Date "2015.05.30"]
[Round "2"]
[White "grancaruso"]
[Black "SlowBlitz"]
[Result "1-0"]
[ICCResult "Black forfeits on time"]
[WhiteElo "1823"]
[BlackElo "1490"]
[Opening "Réti: advance variation"]
[ECO "A09"]
[NIC "RE.16"]
[Time "19:13:55"]
[TimeControl "180+0"]

1. Nf3 d5 2. c4 d4 3. e3 dxe3 4. fxe3 Bg4 5. d4 e6 6. Be2 Bxf3 7. Bxf3 c6 8.
O-O Nf6 9. Nc3 Be7 10. Qe2 O-O 11. Bd2 Na6 12. Rad1 Nc7 13. Be1 a6 14. Bg3
b5 15. b3 Qd7 16. Ne4 Nxe4 17. Bxe4 f5 18. Bb1 Rf7 19. Be5 Raf8 20. Rf3 Bf6
21. Bf4 g5 22. Rg3 Rg7 23. Be5 Bxe5 24. dxe5 Qe7 25. Rf3 f4 26. Rdf1 fxe3
27. Rxf8+ Qxf8 28. Rxf8+ Kxf8 29. Qxe3 Kg8 30. Qf3 {Black forfeits on time}
1-0

[Event "ICC Open 2015"]
[Site "Internet Chess Club"]
[Date "2015.05.30"]
[Round "2"]
[White "Aladdin"]
[Black "davidfrcc"]
[Result "1-0"]
[ICCResult "Black forfeits on time"]
[WhiteElo "2383"]
[BlackElo "1957"]
[Opening "Sicilian: Najdorf, Byrne (English) attack"]
[ECO "B90"]
[NIC "SI.14"]
[Time "19:13:35"]
[TimeControl "180+0"]

1. e4 c5 2. Nf3 d6 3. d4 cxd4 4. Nxd4 Nf6 5. Nc3 a6 6. Be3 e5 7. Nb3 Be7 8.
Qd2 O-O 9. O-O-O Be6 10. f4 b6 11. f5 Bxb3 12. axb3 Nbd7 13. Kb1 Qc7 14. Bc4
b5 15. Bd5 Rac8 16. b4 Nb6 17. Bxb6 Qxb6 18. Rhg1 a5 19. Na2 Nxd5 20. Qxd5
axb4 21. Nxb4 Rc5 22. Qd3 Ra8 23. c3 Qa5 24. Kc2 Qxb4 25. Ra1 Rac8 26. Rgb1
d5 27. exd5 Qg4 28. g3 Qh3 29. Qd2 b4 30. Rf1 b3+ 31. Kxb3 Rb8+ 32. Kc2 Rcb5
33. b4 Rc8 34. Kb3 Qg4 35. Qd3 Rxb4+ 36. Kc2 Rbc4 37. Rf3 e4 38. Qxc4 Rxc4
39. Ra8+ Bf8 40. Re3 Qh3 41. Kb3 Rc7 42. Rxe4 Rb7+ 43. Kc4 Rc7+ 44. Kb3 Rb7+
45. Kc4 Qf1+ 46. Kd4 Qd1+ 47. Ke3 Qe1+ 48. Kf3 Qf1+ 49. Kg4 Qd1+ 50. Kf4 g5+
51. fxg6 {Black forfeits on time} 1-0

[Event "ICC Open 2015"]
[Site "Internet Chess Club"]
[Date "2015.05.30"]
[Round "2"]
[White "faust"]
[Black "ural"]
[Result "1-0"]
[ICCResult "Black forfeits on time"]
[WhiteElo "3210"]
[BlackElo "2351"]
[Opening "Scandinavian (center counter) defense"]
[ECO "B01"]
[NIC "SD.01"]
[Time "19:13:38"]
[TimeControl "180+0"]

1. e4 d5 2. exd5 Qxd5 3. Nc3 Qa5 4. d4 Nf6 5. Nf3 Nc6 6. h3 Ne4 7. Bd2 Nxd2
8. Qxd2 e6 9. Bb5 Bb4 10. Bxc6+ bxc6 11. O-O c5 12. d5 O-O 13. Ng5 h6 14.
Nge4 Rd8 15. a3 Bxc3 16. Nxc3 exd5 17. Qf4 Bb7 18. Ne2 Ba6 19. Rfe1 Re8 20.
b4 Qb6 21. Ng3 Qd6 22. Qd2 Rxe1+ 23. Rxe1 cxb4 24. axb4 Rb8 25. c3 Qd7 26.
Qd4 c6 27. Nh5 f6 28. Qxf6 Qf7 29. Qe5 Rf8 30. f3 Bb5 31. Re3 c5 32. Nxg7
Qxg7 33. Qxd5+ Qf7 34. Qxc5 Bc4 35. Re7 Qd5 36. Qe3 Rf6 37. Re8+ Kg7 38.
Re7+ Kg8 39. Re4 Qd1+ 40. Kh2 Qd6+ 41. Kg1 Bf7 42. Rd4 Qa6 43. Kh2 Qb6 44.
Rg4+ Rg6 45. Qe5 Kh7 46. Rf4 Qe6 47. Qc7 Kg7 48. Qxa7 Qa2 49. Qd4+ Kh7 50.
Rg4 Rxg4 51. hxg4 Bg6 52. b5 Qe6 53. b6 h5 54. gxh5 {Black forfeits on time}
1-0

[Event "ICC Open 2015"]
[Site "Internet Chess Club"]
[Date "2015.05.30"]
[Round "2"]
[White "Bacunamatata"]
[Black "LMLLM"]
[Result "1-0"]
[ICCResult "Black resigns"]
[WhiteElo "2229"]
[BlackElo "2395"]
[Opening "Queen's gambit declined"]
[ECO "D30"]
[NIC "QO.17"]
[Time "19:13:57"]
[TimeControl "180+0"]

1. d4 e6 2. c4 d5 3. Nf3 Nf6 4. g3 c6 5. Qc2 Nbd7 6. Bg2 Bd6 7. O-O O-O 8.
Nc3 dxc4 9. Nd2 Nb6 10. Rd1 Qe7 11. Nde4 Bb4 12. Bg5 Nbd7 13. a3 Ba5 14. Qa4
Bc7 15. Qxc4 h6 16. Nxf6+ Nxf6 17. Bxf6 Qxf6 18. b4 Qe7 19. e3 Bd6 20. Ne4
Bd7 21. Nc5 Rab8 22. a4 Rfc8 23. Rac1 Be8 24. h4 Qd8 25. Qb3 Qf6 26. Ne4 Qd8
27. Nxd6 Qxd6 28. Rc5 Qd8 29. Rdc1 Bd7 30. Qc3 Qe8 31. Ra5 a6 32. Rc5 Qd8
33. Bf3 Qe8 34. Kg2 Qd8 35. Qd3 Qe8 36. Qe4 Qe7 37. Qf4 b6 38. R5c4 b5 39.
axb5 Rxb5 40. Ra1 Rxb4 41. Rxb4 Qxb4 42. Rxa6 c5 43. Ra7 Be8 44. Qd6 Qb5 45.
Rb7 Qa5 46. Rb8 Rxb8 47. Qxb8 Qb5 48. Qxb5 Bxb5 49. dxc5 Kf8 50. Bb7 Ke7 51.
Kf3 Kd7 52. Kf4 Kc7 53. Bf3 Bc6 54. Be2 Bd5 55. Ke5 Kc6 56. Kd4 f6 57. f4
Ba2 58. Bf3+ Kc7 59. e4 Bb3 60. e5 f5 61. g4 g6 62. g5 hxg5 63. fxg5 Ba2 64.
h5 gxh5 65. g6 {Black resigns} 1-0

[Event "ICC Open 2015"]
[Site "Internet Chess Club"]
[Date "2015.05.30"]
[Round "2"]
[White "N-Chadaev"]
[Black "akibael"]
[Result "1-0"]
[ICCResult "Black resigns"]
[WhiteElo "3306"]
[BlackElo "2365"]
[Opening "Sicilian: Nimzovich-Rossolimo attack (with ...g6, without ...d6)"]
[ECO "B31"]
[NIC "SI.31"]
[Time "19:13:42"]
[TimeControl "180+0"]

1. e4 c5 2. Nf3 Nc6 3. Bb5 g6 4. Bxc6 dxc6 5. h3 Bg7 6. d3 c4 7. d4 Nf6 8.
Qe2 b5 9. O-O O-O 10. Rd1 a6 11. Bf4 Qb6 12. a4 Bb7 13. Nc3 Rfd8 14. Qe3 b4
15. Ne2 a5 16. Ng3 Nd7 17. Bh6 Bh8 18. e5 Nf8 19. h4 Ne6 20. c3 c5 21. Ng5
cxd4 22. cxd4 Rxd4 23. Nxe6 Rxd1+ 24. Rxd1 Qxe3 25. Bxe3 fxe6 26. f4 Bd5 27.
Ne2 Rc8 28. Kf2 h6 29. g3 g5 30. hxg5 hxg5 31. Nd4 gxf4 32. gxf4 c3 33. bxc3
bxc3 34. Rc1 Rc4 35. Ke2 Be4 36. Nxe6 c2 37. Nc5 Bf5 38. Kd2 Bg7 39. Nd3
Rxa4 40. Rxc2 Bh6 41. Rc7 Kf7 42. Nc5 Ra2+ 43. Ke1 Rc2 44. Ra7 Bxf4 45. Bxf4
Rxc5 46. Kf2 Rc4 47. Kf3 a4 48. Bg5 Be4+ 49. Ke3 Bd5 50. Rxe7+ Kg6 51. Bf6
Kf5 52. Ra7 Rc3+ 53. Kd4 {Black resigns} 1-0

[Event "ICC Open 2015"]
[Site "Internet Chess Club"]
[Date "2015.05.30"]
[Round "2"]
[White "geographywhiz"]
[Black "TheLlamaLord"]
[Result "1-0"]
[ICCResult "Black checkmated"]
[WhiteElo "1934"]
[BlackElo "1579"]
[Opening "Benko's opening"]
[ECO "A00"]
[NIC "VO.09"]
[Time "19:13:29"]
[TimeControl "180+0"]

1. g3 d5 2. Bg2 e5 3. c4 c6 4. cxd5 cxd5 5. d4 e4 6. f3 Bb4+ 7. Bd2 Bxd2+ 8.
Qxd2 Nf6 9. Nc3 exf3 10. Nxf3 O-O 11. O-O Nc6 12. Rae1 Ne4 13. Qc2 Bf5 14.
Nxe4 Bxe4 15. Qd2 Re8 16. a3 Qb6 17. e3 Na5 18. Ne5 Bxg2 19. Qxg2 Rxe5 20.
dxe5 Qb3 21. Qf3 Rf8 22. e6 f6 23. Qf5 Nc6 24. Rd1 Ne7 25. Qf4 Qxb2 26. Qd6
Ng6 27. e7 Re8 28. Qxd5+ Kh8 29. Qd8 Qb5 30. Qxe8+ Qxe8 31. Rd8 Nxe7 32.
Rxe8+ Ng8 33. Rd1 h6 34. Rdd8 Kh7 35. Rxg8 Kg6 36. Rd7 Kf5 37. Rgxg7 h5 38.
Rxb7 Ke5 39. Rxa7 Kf5 40. Ra5+ Ke4 41. Rh7 f5 42. Rxh5 Kf3 43. Rhxf5+ Ke4
44. Rae5+ Kd3 45. h4 Kc4 46. h5 Kd3 47. h6 Kc4 48. h7 Kd3 49. h8=Q Ke2 50.
Qc8 Kd3 51. Qc2+ Kxc2 52. Rd5 Kc3 53. a4 Kb3 54. a5 Kb4 55. a6 Kc4 56. a7
Kb4 57. a8=Q Kc4 58. Qc8+ Kb4 59. Rb5+ Ka4 60. Qa8# {Black checkmated} 1-0

[Event "ICC Open 2015"]
[Site "Internet Chess Club"]
[Date "2015.05.30"]
[Round "2"]
[White "Svinotigr"]
[Black "DropZone"]
[Result "1-0"]
[ICCResult "Black checkmated"]
[WhiteElo "1743"]
[BlackElo "2048"]
[Opening "Réti: old Indian attack"]
[ECO "A06"]
[NIC "QP.09"]
[Time "19:13:32"]
[TimeControl "180+0"]

1. Nf3 d5 2. d3 c6 3. Nbd2 Nf6 4. e4 Bg4 5. Qe2 e6 6. g3 Nbd7 7. Bg2 Be7 8.
h4 dxe4 9. dxe4 O-O 10. O-O Ne5 11. Re1 h6 12. a4 Bb4 13. c3 Bc5 14. Nc4
Nxf3+ 15. Bxf3 Bxf3 16. Qxf3 Qc7 17. b4 Be7 18. Bf4 Qc8 19. g4 Nd7 20. g5
hxg5 21. hxg5 e5 22. Be3 g6 23. Kg2 Kg7 24. Rh1 Rh8 25. Rxh8 Qxh8 26. Rh1
Qg8 27. Qg4 Rd8 28. Qh4 Kf8 29. Qg3 Qg7 30. Rh4 b5 31. axb5 cxb5 32. Na5 Rc8
33. Qh3 Ke8 34. Rh7 Qf8 35. Rh8 Nb6 36. Rxf8+ Bxf8 37. Qh8 Nd7 38. Nb7 Rc6
39. Nc5 Re6 40. Nxe6 fxe6 41. Qh7 Be7 42. Bc5 Nf8 43. Qxe7# {Black
checkmated} 1-0

[Event "ICC Open 2015"]
[Site "Internet Chess Club"]
[Date "2015.05.30"]
[Round "2"]
[White "alric"]
[Black "Muad-dib"]
[Result "1-0"]
[ICCResult "Black forfeits on time"]
[WhiteElo "1905"]
[BlackElo "2005"]
[Opening "King's Indian: fianchetto, Uhlmann (Szabo) variation"]
[ECO "E62"]
[NIC "KI.72"]
[Time "19:13:24"]
[TimeControl "180+0"]

1. Nf3 Nf6 2. c4 d6 3. g3 g6 4. Bg2 Bg7 5. O-O O-O 6. d4 Nc6 7. Nc3 e5 8. d5
Ne7 9. e4 h6 10. h3 Ne8 11. b4 a5 12. Ba3 f5 13. c5 g5 14. Nd2 f4 15. g4 Rf7
16. b5 Ng6 17. Nf3 Bf8 18. Na4 Rh7 19. Nd2 h5 20. f3 hxg4 21. hxg4 Nh4 22.
Kf2 Qf6 23. Rh1 Qh8 24. Nc4 Ng6 25. b6 dxc5 26. Bxc5 Rxh1 27. Qxh1 Bxc5+ 28.
Nxc5 cxb6 29. Nxb6 Rb8 30. Qxh8+ Kxh8 31. Rh1+ Kg7 32. Rh5 Nd6 33. Rxg5 Nb5
34. Nc4 Kf6 35. Rh5 Nd4 36. Bf1 b6 37. Nd3 Ba6 38. Ndxe5 Bxc4 39. Nxc4 Rc8
40. e5+ Kg7 41. Rg5 Kh6 42. Rh5+ Kg7 43. d6 a4 44. d7 Rd8 45. Nxb6 Kf7 46.
Bc4+ Ke7 47. Rh7+ Kf8 48. Rf7+ Kg8 49. e6 Nxe6 50. Bxe6 Nf8 51. Re7+ Kh8 52.
Re8 Rxd7 53. Nxd7 Kg7 54. Rxf8 Kg6 55. Rxf4 Kg7 56. Rf5 Kg6 57. Ne5+ Kg7 58.
Ke3 Kh8 59. f4 Kg7 60. Kd4 Kh6 61. Kc5 Kg7 62. Kb4 {Black forfeits on time}
1-0

[Event "ICC Open 2015"]
[Site "Internet Chess Club"]
[Date "2015.05.30"]
[Round "2"]
[White "MarzipanCat"]
[Black "kurumania"]
[Result "1/2-1/2"]
[ICCResult "Game drawn by repetition"]
[WhiteElo "2189"]
[BlackElo "2856"]
[Opening "Sicilian: Taimanov variation"]
[ECO "B48"]
[NIC "SI.40"]
[Time "19:13:58"]
[TimeControl "180+0"]

1. e4 c5 2. Nf3 e6 3. d4 cxd4 4. Nxd4 Nc6 5. Nc3 Qc7 6. Be3 a6 7. Qd2 Nf6 8.
O-O-O Bb4 9. f3 O-O 10. g4 b5 11. Kb1 Rd8 12. Nxc6 Qxc6 13. Bd4 Be7 14. g5
Ne8 15. h4 b4 16. Ne2 d5 17. e5 a5 18. h5 Ba6 19. Nf4 Bxf1 20. Rdxf1 a4 21.
g6 h6 22. gxf7+ Kxf7 23. Qg2 Bg5 24. Nh3 b3 25. Nxg5+ hxg5 26. c3 a3 27.
axb3 axb2 28. Kxb2 Rdb8 29. Ra1 Qb5 30. Qc2 Nc7 31. Rxa8 Rxa8 32. Ra1 Rxa1
33. Kxa1 Qf1+ 34. Kb2 Qxf3 35. Qg6+ Kg8 36. Qxg5 Nb5 37. h6 Qe2+ 38. Kc1
Qe1+ 39. Kb2 Qe2+ 40. Kc1 Qe1+ 41. Kb2 Qe2+ 42. Kc1 Qe1+ 43. Kb2 Qe2+ 44.
Kc1 Qe1+ 45. Kb2 Qe2+ 46. Kc1 Qe1+ {Game drawn by repetition} 1/2-1/2